 Dungeon Crawl Stone Soup version 0.25.0-10-g039870ee82 (webtiles) character file.

Game seed: 314798643524614434

283726 nikku the Eclecticist (level 19, -18/120 HPs)
             Began as a Deep Elf Conjurer on June 23, 2020.
             Was the Champion of Vehumet.
             Shot with a bolt by a yaktaur captain (27 damage)
             ... on level 2 of the Vaults.
             The game lasted 03:47:57 (55851 turns).

nikku the Eclecticist (Deep Elf Conjurer)          Turns: 55851, Time: 03:47:58

Health: -18/120    AC: 18    Str: 11    XL:     19   Next: 76%
Magic:  23/54      EV: 11    Int: 34    God:    Vehumet [******]
Gold:   2936       SH: 25    Dex: 15    Spells: 23/59 levels left

rFire    + + +     SeeInvis +   D - +7 spear "Goblinbane" {vorpal, *Contam rC+ MR+ Int+3}
rCold    . . .     Gourm    .   H - +7 tower shield of Oily Awe {Str+2}
rNeg     . . .     Faith    .   x - +2 robe {Archmagi}
rPois    +         Spirit   .   C - +2 helmet {Int+3}
rElec    .         Reflect  .   s - +2 cloak
rCorr    +         Harm     .   P - +2 pair of gloves {Str+3}
MR       ++...                  t - +2 pair of boots
Stlth    ++........             v - amulet of the acrobat
HPRegen  0.30/turn              j - ring "Uwesev" {rF++ rCorr MP+9}
MPRegen  0.34/turn              w - ring "Ahoelew" {Fire rPois SInv}

@: no status effects
A: iridescent scales 1, mutation resistance 1
}: 2/15 runes: decaying, serpentine
a: Renounce Religion


You were on level 2 of the Vaults.
You worshipped Vehumet.
Vehumet was exalted by your worship.
You were not hungry.

You visited 6 branches of the dungeon, and saw 33 of its levels.

You collected 4013 gold pieces.
You spent 1077 gold pieces at shops.

Inventory:

Hand Weapons
 D - the +7 spear "Goblinbane" (weapon) {vorpal, *Contam rC+ MR+ Int+3}
   (You took it off an orc wizard on level 9 of the Dungeon)

   It inflicts extra damage upon your enemies.
   It affects your intelligence (+3).
   It protects you from cold.
   It affects your resistance to hostile enchantments.
   It causes magical contamination when unequipped.
Missiles
 G - 5 curare-tipped darts (quivered)
 T - 6 silver javelins
Armour
 m - +0 acid dragon scales
 s - a +2 cloak (worn)
 t - a +2 pair of boots (worn)
 x - a +2 robe of the Archmagi (worn)
 C - a +2 helmet of intelligence (worn)
 H - the +7 tower shield of Oily Awe (worn) {Str+2}
   (You found it on level 1 of the Vaults)

   It affects your strength (+2).
 P - a +2 pair of gloves of strength (worn)
Magical Staves
 X - an uncursed staff of wizardry
Jewellery
 j - the ring "Uwesev" (left hand) {rF++ rCorr MP+9}
   (You bought it in a shop on level 4 of the Snake Pit)

   [ring of resist corrosion]

   It greatly protects you from fire.
   It affects your magic capacity (+9).
   It provides partial protection from all sources of acid and corrosion.
 u - an uncursed ring of protection from cold
 v - an amulet of the acrobat (around neck)
 w - the ring "Ahoelew" (right hand) {Fire rPois SInv}
   (You acquired it on level 5 of the Lair of Beasts)

   [ring of fire]

   It enhances your fire magic.
   It protects you from fire.
   It makes you vulnerable to cold.
   It protects you from poison.
   It lets you see invisible.
 B - the ring of the Distant Future {MR+ Int+3 Dex+5}
   (You found it on level 2 of the Swamp)

   [ring of protection from magic]

   It affects your intelligence (+3).
   It affects your dexterity (+5).
   It affects your resistance to hostile enchantments.
 L - the ring "Woorriol" {Ice MR+ Dex-5 Stlth+}
   (You found it on level 1 of the Swamp)

   [ring of ice]

   It enhances your ice magic.
   It affects your dexterity (-5).
   It makes you vulnerable to fire.
   It protects you from cold.
   It affects your resistance to hostile enchantments.
   It makes you more stealthy.
 W - an uncursed ring of resist corrosion
Wands
 b - a wand of digging (3)
 n - a wand of disintegration (41)
 r - a wand of iceblast (17)
 R - a wand of paralysis (7)
 S - a wand of polymorph (7)
Scrolls
 d - a scroll of fog
 e - 15 scrolls of teleportation
 f - 9 scrolls of remove curse
 k - 9 scrolls of enchant weapon
 A - a scroll of silence
 I - 4 scrolls of blinking
 J - 7 scrolls of magic mapping
 O - a scroll of holy word
 U - a scroll of fear
Potions
 a - 18 potions of curing
 g - 3 potions of mutation
 h - 2 potions of invisibility
 i - 8 potions of lignification
 l - 5 potions of heal wounds
 p - 6 potions of brilliance
 q - 5 potions of flight
 z - 4 potions of haste
 F - 2 potions of cancellation
Miscellaneous
 K - a phantom mirror
 N - a lightning rod (4/4)
 Q - a tin of tremorstones (3/3)
 V - a tin of tremorstones (3/3)
 Y - a phial of floods
Comestibles
 c - 31 rations


   Skills:
 + Level 13.9 Fighting
 - Level 2.4 Dodging
 - Level 2.4 Stealth
 + Level 15.2 Shields
 + Level 20.5 Spellcasting
 + Level 18.0 Conjurations
 - Level 7.6 Hexes
 - Level 5.8 Translocations
 * Level 13.7 Fire Magic
 - Level 4.2 Air Magic


You had 23 spell levels left.
You knew the following spells:

 Your Spells              Type           Power        Failure   Level  Hunger
a - Shock                 Conj/Air       ####         1%          1    None
b - Fireball              Conj/Fire      ########..   1%          5    None
c - Orb of Destruction    Conj           ########..   1%          7    #......
d - Iskenderun's Mystic   Conj/Tloc      ########     1%          4    None
e - Ignition              Fire           ########..   19%         8    ####...
f - Lightning Bolt        Conj/Air       ########..   1%          5    None
g - Magic Dart            Conj           ####         0%          1    None
h - Inner Flame           Hex/Fire       ########     1%          3    None
k - Blink                 Tloc           N/A          1%          2    None

Your spell library contained the following spells:

 Spells                   Type           Power        Failure   Level  Hunger
 Shatter                  Erth           ######....   100%        9    ######.
 Tornado                  Air            #######...   100%        9    ######.
 Foxfire                  Conj/Fire      ####         0%          1    None
 Searing Ray              Conj           ######       0%          2    None
 Conjure Flame            Conj/Fire      ########     0%          3    None
 Corona                   Hex            #######      1%          1    None
 Sandblast                Erth           ######       1%          1    None
 Ensorcelled Hibernation  Hex/Ice        ######       1%          2    None
 Slow                     Hex            #######.     1%          2    None
 Swiftness                Chrm/Air       ######..     1%          2    None
 Confusing Touch          Hex            #######.     1%          3    None
 Dazzling Flash           Conj/Hex       ######       1%          3    None
 Ignite Poison            Fire/Tmut/Pois #######.     1%          3    None
 Mephitic Cloud           Conj/Pois/Air  #######.     1%          3    None
 Static Discharge         Conj/Air       ########     1%          3    None
 Stone Arrow              Conj/Erth      ######       1%          3    None
 Tukima's Dance           Hex            #######.     1%          3    None
 Airstrike                Air            #######...   1%          4    None
 Fulminant Prism          Conj/Hex       ########..   1%          4    None
 Sticky Flame             Conj/Fire      ########     1%          4    None
 Starburst                Conj/Fire      ########..   1%          6    None
 Animate Skeleton         Necr           N/A          3%          1    None
 Pain                     Necr           ####         3%          1    None
 Recall                   Summ/Tloc      N/A          3%          3    None
 Call Imp                 Summ           ######..     4%          2    None
 Passwall                 Tmut/Erth      ######..     4%          2    None
 Freezing Cloud           Conj/Ice/Air   #######...   7%          6    None
 Vampiric Draining        Necr           ######....   10%         3    None
 Metabolic Englaciation   Hex/Ice        ######....   19%         5    None
 Lee's Rapid Deconstruct  Erth           ######....   22%         5    None
 Animate Dead             Necr           N/A          32%         4    None
 Ice Form                 Ice/Tmut       ######..     32%         4    None
 Petrify                  Tmut/Erth      ######..     32%         4    None
 Chain Lightning          Conj/Air       ########..   45%         8    ####...
 Agony                    Necr           ######..     65%         5    None
 Borgnjor's Vile Clutch   Necr/Erth      ######....   65%         5    None
 Fire Storm               Conj/Fire      ########..   71%         9    ######.
 Ozocubu's Refrigeration  Ice            ######....   73%         6    None
 Lehudib's Crystal Spear  Conj/Erth      #######...   75%         8    ####...
 Ring of Flames           Chrm/Fire      ########..   85%         7    #......
 Death Channel            Necr           ######....   99%         6    None
 Simulacrum               Ice/Necr       ######....   99%         6    None
 Absolute Zero            Ice            ######....   100%        9    ######.


Dungeon Overview and Level Annotations

Branches:
Dungeon (15/15)            Temple (0/1) D:7            Lair (6/6) D:9
  Swamp (4/4) Lair:2        Snake (4/4) Lair:4        Slime (0/5) Lair:5
    Orc (2/2) D:12            Elf (0/3) Orc:2        Vaults (2/5) D:14
 Depths (0/5) D:15
  Crypt: Vaults:2-3

Altars:
Cheibriados
Dithmenos
Fedhas
Gozag
Nemelex Xobeh
Okawaru
Qazlal
Trog
Uskayaw
Vehumet
Wu Jian
Xom
Yredelemnul
The Shining One
Beogh
Jiyva

Shops:
Orc:2 }%!}   Snake:4 =}}

Annotations:
D:2 Natasha
D:7 exclusion: ice statue
D:14 3 runed translucent doors, protoss039's ghost, journeyman DEEE
Lair:4 2 transporters, Nyzic's ghost, journeyman TrMo
Snake:3 1 runed translucent door, Xitaol's ghost, adept SpEn


Innate Abilities, Weirdness & Mutations

You are partially covered in iridescent scales. (AC +2)
You are somewhat resistant to further mutation.


Message History

You kill the hornet!
Vehumet accepts your kill.
You feel your power returning.
The mystic blast hits the stone giant!!
The stone giant is severely wounded.
Casting: Iskenderun's Mystic Blast (safe; 1% risk of failure)
Confirm with . or Enter, or press ? or * to list all spells.
You feel a surge of power!
You erupt in a blast of force!
The mystic blast hits the stone giant!
The stone giant is severely wounded.
You block the stone giant's attack.
The yaktaur captain shoots a bolt.
The bolt hits you.
Casting: Iskenderun's Mystic Blast (safe; 1% risk of failure)
Confirm with . or Enter, or press ? or * to list all spells.
You feel a surge of power!
You erupt in a blast of force!
The mystic blast hits the stone giant!
The stone giant is severely wounded.
The stone giant hits you!!!
* * * LOW HITPOINT WARNING * * *
The yaktaur captain shoots a bolt.
The bolt hits you!!
You die...

#[[.pO+ #c#######
#)....... ######'#########
#.....(.........
#...............
#...............
###########....[.(........
..........#...(.@C........
.#[#.#.#..#....(..[.......
.#######<.'...............
.#.#[#(#..#....[.)......>.
..........#...............
###########...............
#...............
#############'#' ......


You could see a stone giant and a yaktaur captain.

Vanquished Creatures
  Nikola (Swamp:1)
  A bone dragon (Swamp:4)
  Jorgrun (Snake:3)
  Frances (D:13)
  3 sphinxes
  Kirke (D:12)
  3 thorn hunters
  Donald (Snake:1)
  11 nagarajas
  Aizul (Snake:3)
  A frost giant (D:15)
  4 vault wardens (Vaults:1)
  8 ironheart preservers
  A very ugly thing (D:15)
  A stone giant (Vaults:2)
  A fire dragon (Lair:2)
  A deep elf death mage (Vaults:1)
  Snorg (D:13)
  Josephine (Swamp:1)
  20 naga warriors
  13 hydras
  An ice dragon (Lair:6)
  4 yaktaur captains
  2 vault guards (Vaults:1)
  2 shambling mangroves
  4 centaur warriors
  2 ghost crabs (Swamp:4)
  15 anacondas
  2 dancing weapons (D:14)
  10 two-headed ogres
  A death knight (D:13)
  8 alligators
  4 ogre magi
  4 death yaks (Lair:4)
  A tengu warrior (D:15)
  4 deep troll earth magi (Vaults:1)
  A deep troll shaman (Vaults:2)
  19 naga sharpshooters
  8 shock serpents
  Urug (D:11)
  2 deep elf knights
  A fire crab (shapeshifter) (Vaults:1)
  4 salamander mystics
  2 unseen horrors
  4 naga ritualists
  A spriggan druid (Swamp:4)
  2 swamp dragons
  14 wizards
  A death drake (Swamp:2)
  6 deep trolls (Vaults:1)
  2 phantasmal warriors
  A necromancer (Swamp:2)
  11 orc knights
  3 ironbrand convokers (Vaults:1)
  5 spectral hydras
  2 orc sorcerers
  17 ugly things
  8 mana vipers
  7 cyclopes
  6 deep elf magi
  20 salamanders
  3 wolf spiders
  3 manticores
  2 large abominations (Swamp:2)
  9 elephants
  9 vault sentinels
  30 black mambas
  6 guardian serpents
  6 centaur skeletons
  37 naga magi
  23 spiny frogs
  2 gargoyles (D:15)
  6 komodo dragons
  A freezing wraith (Swamp:2)
  4 kobold demonologists (D:12)
  4 rime drakes
  8 swamp worm zombies
  6 hydra zombies (Swamp:4)
  2 tengu conjurers (D:15)
  8 polar bears
  4 trolls
  10 tyrant leeches
  A blink frog (shapeshifter) (D:14)
  14 hornets
  36 slime creatures
  22 blink frogs
  15 dream sheep
  5 spectral swamp dragons
  16 bog bodies
  7 alligator zombies
  12 hippogriffs
  A meliai zombie (D:15)
  2 wyverns
  9 wraiths
  20 spriggans
  A spriggan (shapeshifter) (Vaults:1)
  5 shadows
  27 yaks
  2 vampires
  2 basilisks
  A fire elemental (Lair:2)
  6 hungry ghosts
  4 hogs (D:12)
  19 vampire mosquitoes
  A yaktaur simulacrum (Vaults:1)
  A human simulacrum (Vaults:2)
  68 nagas
  3 acid dragons
  16 insubstantial wisps
  13 swamp worms
  6 wargs
  A soldier ant (D:14)
  4 spiny frog zombies (Swamp:2)
  8 porcupines
  15 water moccasins
  A swamp dragon zombie (Swamp:4)
  8 swamp drakes
  50 orc warriors
  3 ice beasts
  4 sky beasts
  10 phantoms
  2 black bears (Lair:6)
  An eye of draining (D:15)
  A hornet zombie (D:13)
  3 boggarts (Lair:6)
  21 ogres
  16 wolves (Lair:6)
  A boggart (shapeshifter) (D:14)
  A necrophage (D:9)
  9 centaurs
  13 crocodiles
  10 big kobolds
  18 bullfrogs
  Blork the orc (D:6)
  2 gnoll sergeants
  A wyvern zombie (D:10)
  2 wyvern skeletons
  6 scorpions
  2 spriggan zombies (Swamp:2)
  4 troll zombies
  17 killer bees
  14 wights
  2 electric eels
  5 howler monkeys
  9 crimson imps
  A lava snake (Lair:2)
  2 bullfrog zombies
  12 orc priests
  A quasit (D:13)
  7 centaur zombies
  2 hounds (D:9)
  5 jellies
  An iguana (D:8)
  16 orc wizards
  A spectral swamp drake (Swamp:4)
  7 worker ants
  Natasha (D:2)
  A killer bee zombie (D:5)
  6 ogre zombies (D:12)
  A hound zombie (D:5)
  A worker ant zombie (D:5)
  13 gnolls
  15 adders
  3 swamp drake zombies (Swamp:4)
  3 shadow imps
  3 white imps (Lair:6)
  An ooze (D:6)
  6 worms
  2 dart slugs
  4 leopard geckos
  102 orcs
  A ball python (D:1)
  10 bats
  8 giant cockroaches
  5 hobgoblins
  12 jackals
  25 kobolds
  8 quokkas
  6 frilled lizards
  A giant cockroach zombie (D:5)
  11 goblins
  2 goblin skeletons (D:12)
  3 goblin zombies (D:12)
  A hobgoblin skeleton (D:12)
  2 hobgoblin zombies (D:12)
  6 orc skeletons (D:12)
  11 orc zombies (D:12)
  5 rats
  2 bushes (Lair:6)
  3 fungi
  3 plants
1413 creatures vanquished.

Vanquished Creatures (collateral kills)
  Agnes (Snake:3)
1 creature vanquished.

Vanquished Creatures (others)
  A komodo dragon (Swamp:1)
  A hornet (Swamp:4)
  A spriggan (Swamp:4)
  A human (D:12)
  A swamp worm (Swamp:4)
  58 fulminant prisms
  13 fungi
  11 plants
  5 withered plants (Swamp:2)
92 creatures vanquished.

Grand Total: 1506 creatures vanquished

Notes
Turn   | Place    | Note
-------+----------+-------------------------------------------
     0 | D:1      | nikku the Deep Elf Conjurer began the quest for the Orb.
     0 | D:1      | Reached XP level 1. HP: 10/10 MP: 6/6
   162 | D:1      | Reached XP level 2. HP: 15/15 MP: 4/8
   166 | D:1      | Learned a level 2 spell: Searing Ray
   512 | D:1      | Reached skill level 4 in Spellcasting
   649 | D:1      | Reached skill level 5 in Conjurations
   649 | D:1      | Reached XP level 3. HP: 19/19 MP: 8/10
   689 | D:1      | Learned a level 3 spell: Dazzling Flash
  1340 | D:2      | Noticed Natasha
  1343 | D:2      | Killed Natasha
  1544 | D:2      | Noticed Natasha
  1672 | D:2      | Reached XP level 4. HP: 24/24 MP: 4/12
  1679 | D:2      | Learned a level 4 spell: Fulminant Prism
  1872 | D:2      | Found an opulent altar of Gozag.
  2061 | D:2      | Found a sparkling altar of Nemelex Xobeh.
  2062 | D:2      | Reached skill level 1 in Hexes
  2426 | D:2      | Found a faded altar of an unknown god.
  2432 | D:2      | Gained mutation: You are partially covered in iridescent
                  | scales. (AC +2) [potion of mutation]
  2432 | D:2      | Gained mutation: You are somewhat resistant to further
                  | mutation. [potion of mutation]
  2551 | D:3      | Reached skill level 5 in Spellcasting
  2733 | D:3      | Found an ornate altar of the Wu Jian Council.
  2932 | D:3      | Learned a level 4 spell: Iskenderun's Mystic Blast
  3061 | D:4      | Noticed a phantom
  3087 | D:4      | Killed a phantom
  3087 | D:4      | Reached skill level 1 in Shields
  3087 | D:4      | Reached XP level 5. HP: 28/28 MP: 0/14
  3228 | D:4      | Reached skill level 1 in Fighting
  3264 | D:4      | Reached XP level 6. HP: 34/34 MP: 8/16
  3471 | D:4      | Found a radiant altar of Vehumet.
  3479 | D:4      | Became a worshipper of Vehumet
  4120 | D:5      | Entered Level 5 of the Dungeon
  4120 | D:5      | Noticed an ice beast
  4123 | D:5      | Killed an ice beast
  4123 | D:5      | Reached skill level 6 in Spellcasting
  4132 | D:5      | Reached XP level 7. HP: 39/39 MP: 3/18
  4226 | D:5      | Found a snail-covered altar of Cheibriados.
  4585 | D:5      | Found an iron altar of Okawaru.
  4838 | D:5      | Found a hide-covered altar of Uskayaw.
  5283 | D:6      | Found an iron altar of Okawaru.
  5326 | D:6      | Noticed Blork the orc
  5330 | D:6      | Killed Blork the orc
  5338 | D:6      | Reached * piety under Vehumet
  5338 | D:6      | Offered knowledge of Freeze by Vehumet.
  5339 | D:6      | Reached XP level 8. HP: 19/45 MP: 2/20
  5650 | D:7      | Found a staircase to the Ecumenical Temple.
  5657 | D:7      | Reached skill level 7 in Spellcasting
  5747 | D:7      | Found a basalt altar of Yredelemnul.
  5800 | D:7      | Reached skill level 5 in Hexes
  6105 | D:7      | Noticed an ice statue
  6133 | D:8      | Reached skill level 1 in Translocations
  6379 | D:8      | Found a shimmering altar of Xom.
  6408 | D:8      | Reached skill level 8 in Spellcasting
  6535 | D:8      | Found a shimmering altar of Xom.
  6721 | D:8      | Reached XP level 9. HP: 42/51 MP: 17/23
  6851 | D:8      | Found a stormy altar of Qazlal.
  6997 | D:8      | Noticed a two-headed ogre
  7297 | D:9      | Found a staircase to the Lair.
  7350 | D:9      | Reached ** piety under Vehumet
  7350 | D:9      | Offered knowledge of Sandblast by Vehumet.
  7573 | D:9      | Identified the +12 hunting sling "Basirch" {vorpal, Stlth+}
  7574 | D:9      | Identified the +7 spear "Goblinbane" {vorpal, *Contam rC+
                  | MR+ Int+3}
  7582 | D:9      | Noticed a two-headed ogre
  7586 | D:9      | Killed a two-headed ogre
  7586 | D:9      | Reached skill level 9 in Spellcasting
  7727 | D:9      | Noticed a troll
  7739 | D:9      | Killed a troll
  7812 | D:9      | Reached XP level 10. HP: 55/58 MP: 7/25
  7928 | D:9      | Noticed a cyclops
  7949 | D:9      | Killed a cyclops
  8065 | D:9      | Reached skill level 5 in Translocations
  8136 | D:9      | Noticed a cyclops
  8140 | D:9      | Noticed a brown ugly thing
  8142 | D:9      | Killed a cyclops
  8142 | D:9      | Reached skill level 5 in Shields
  8145 | D:9      | Reached skill level 5 in Fighting
  8148 | D:9      | Killed a brown ugly thing
  8667 | D:9      | Reached skill level 10 in Spellcasting
  8890 | D:9      | Found a glowing golden altar of the Shining One.
  9063 | D:9      | Found a shadowy altar of Dithmenos.
  9323 | D:10     | Entered Level 10 of the Dungeon
  9424 | D:10     | Offered knowledge of Frozen Ramparts by Vehumet.
  9794 | D:10     | Reached *** piety under Vehumet
  9839 | D:10     | Noticed a three-headed hydra
  9845 | D:10     | Killed a three-headed hydra
  9845 | D:10     | Reached XP level 11. HP: 64/64 MP: 11/27
 10292 | D:11     | Offered knowledge of Conjure Flame by Vehumet.
 10294 | D:11     | Noticed an orc knight
 10296 | D:11     | Reached skill level 10 in Conjurations
 10367 | Lair:1   | Entered Level 1 of the Lair of Beasts
 10480 | Lair:1   | Reached skill level 11 in Spellcasting
 11914 | Lair:2   | Noticed a fire dragon
 11997 | Lair:2   | HP: 1/66 [fire dragon/blast of flame (46)]
 12482 | Lair:2   | Killed a fire dragon
 12482 | Lair:2   | Reached skill level 12 in Spellcasting
 12764 | Lair:2   | Reached **** piety under Vehumet
 12815 | Lair:2   | Found a staircase to the Swamp.
 12962 | Lair:2   | Learned a level 5 spell: Fireball
 13342 | Lair:3   | Noticed a six-headed hydra
 13349 | Lair:3   | Killed a six-headed hydra
 13349 | Lair:3   | Reached skill level 1 in Fire Magic
 13349 | Lair:3   | Reached XP level 12. HP: 72/72 MP: 23/30
 13354 | Lair:3   | Learned a level 3 spell: Inner Flame
 13443 | Lair:3   | Offered knowledge of Airstrike by Vehumet.
 14859 | Lair:4   | Reached skill level 13 in Spellcasting
 14865 | Lair:4   | Noticed a death yak
 14989 | Lair:4   | Noticed a death yak
 14994 | Lair:4   | Noticed a death yak
 14994 | Lair:4   | Noticed a death yak
 15120 | Lair:4   | Killed a death yak
 15123 | Lair:4   | Killed a death yak
 15374 | Lair:4   | Killed a death yak
 15376 | Lair:4   | Killed a death yak
 15518 | Lair:4   | Found a staircase to the Snake Pit.
 15749 | Lair:4   | Found a transporter.
 15753 | Lair:4   | Found a transporter.
 15759 | Lair:4   | Noticed Nyzic's ghost (journeyman TrMo)
 15769 | Lair:4   | Identified the +10 trident "Yzimiqow" {holy, SInv}
 15769 | Lair:4   | Noticed an eight-headed hydra
 15772 | Lair:4   | Killed an eight-headed hydra
 15838 | Lair:4   | Found a bloodstained altar of Trog.
 15907 | Lair:4   | Noticed a five-headed hydra
 15913 | Lair:4   | Killed a five-headed hydra
 16291 | Lair:5   | Noticed a seven-headed hydra
 16296 | Lair:5   | Killed a seven-headed hydra
 16296 | Lair:5   | Reached XP level 13. HP: 79/79 MP: 12/32
 17436 | Lair:5   | Found a viscous altar of Jiyva.
 17436 | Lair:5   | Found a staircase to the Slime Pits.
 17614 | Lair:5   | Identified a scroll of acquirement
 17615 | Lair:5   | Got the ring "Ahoelew" {Fire rPois SInv}
 17637 | Lair:6   | Entered Level 6 of the Lair of Beasts
 17643 | Lair:6   | Reached skill level 14 in Spellcasting
 18056 | Lair:6   | Reached ***** piety under Vehumet
 18056 | Lair:6   | Reached skill level 10 in Shields
 18059 | Lair:6   | Offered knowledge of Lightning Bolt by Vehumet.
 19870 | Lair:6   | Reached XP level 14. HP: 53/87 MP: 25/34
 19871 | Lair:6   | Reached skill level 15 in Spellcasting
 21305 | D:11     | Found a roughly hewn altar of Beogh.
 21751 | D:11     | Learned a level 5 spell: Lightning Bolt
 21800 | D:11     | Noticed Urug
 21802 | D:11     | Offered knowledge of Irradiate by Vehumet.
 21803 | D:11     | Killed Urug
 22097 | D:11     | Found the cursed +14 obsidian axe {vorpal, +Fly SInv
                  | *Curse}
 22189 | D:11     | Learned a level 2 spell: Blink
 22708 | D:12     | Reached skill level 10 in Fighting
 22918 | D:12     | Reached skill level 1 in Air Magic
 23605 | D:12     | Noticed Kirke
 23612 | D:12     | Killed Kirke
 24744 | D:12     | Offered knowledge of Spellforged Servitor by Vehumet.
 25588 | D:12     | Found a blossoming altar of Fedhas.
 25677 | D:12     | Found a staircase to the Orcish Mines.
 25961 | Orc:1    | Entered Level 1 of the Orcish Mines
 26246 | Orc:2    | Entered Level 2 of the Orcish Mines
 27016 | Orc:2    | Found Emma Peg's Distillery.
 27016 | Orc:2    | Found Bafitaedgh's Gadget Boutique.
 27679 | Orc:2    | Reached skill level 16 in Spellcasting
 28410 | Orc:2    | Found a roughly hewn altar of Beogh.
 28585 | Orc:2    | Reached XP level 15. HP: 93/93 MP: 14/37
 28765 | Orc:2    | Found a staircase to the Elven Halls.
 29089 | Orc:2    | Found a roughly hewn altar of Beogh.
 29180 | Orc:2    | Found Unnamasch's Gadget Shoppe.
 29180 | Orc:2    | Found Illaoffa's Food Boutique.
 29638 | D:13     | Noticed Frances
 29643 | D:13     | Killed Frances
 29678 | D:13     | Offered knowledge of Orb of Destruction by Vehumet.
 29835 | D:13     | Noticed Snorg
 29838 | D:13     | Killed Snorg
 30194 | D:13     | Found a shadowy altar of Dithmenos.
 30360 | D:13     | Reached ****** piety under Vehumet
 30588 | D:13     | Got an ancient helmet
 30599 | D:13     | Identified the +3 helmet of a volcano {rC- Dex+5 Slay+3
                  | SInv} (You found it on level 13 of the Dungeon)
 31505 | D:14     | You fall into a shaft and drop 1 floor!
 31505 | D:15     | Entered Level 15 of the Dungeon
 31641 | D:14     | Learned a level 1 spell: Shock
 31649 | D:14     | Learned a level 7 spell: Orb of Destruction
 31731 | D:14     | Found a gate to the Vaults.
 32056 | D:14     | Found a runed translucent gate.
 32056 | D:14     | Found a runed translucent gate.
 32056 | D:14     | Found a runed translucent gate.
 32058 | D:14     | Noticed protoss039's ghost (journeyman DEEE)
 32779 | D:15     | Offered knowledge of Iskenderun's Battlesphere by Vehumet.
 32971 | D:15     | Reached skill level 15 in Conjurations
 32977 | D:15     | Reached skill level 17 in Spellcasting
 33212 | D:15     | Noticed a frost giant
 33216 | D:15     | Killed a frost giant
 34119 | D:15     | Found a staircase to the Depths.
 34273 | D:15     | Reached XP level 16. HP: 89/100 MP: 31/39
 34680 | Swamp:1  | Entered Level 1 of the Swamp
 34680 | Swamp:1  | Noticed Josephine
 34683 | Swamp:1  | Killed Josephine
 34694 | Swamp:1  | Noticed a thorn hunter
 34701 | Swamp:1  | Killed a thorn hunter
 34988 | Swamp:1  | Noticed Nikola
 35004 | Swamp:1  | Killed Nikola
 35414 | Swamp:1  | Offered knowledge of Yara's Violent Unravelling by Vehumet.
 35664 | Swamp:1  | Got a steaming amber ring
 36107 | Swamp:1  | Identified the ring "Woorriol" {Ice MR+ Dex-5 Stlth+} (You
                  | found it on level 1 of the Swamp)
 37689 | Swamp:2  | Reached skill level 18 in Spellcasting
 37692 | Swamp:2  | Offered knowledge of Conjure Ball Lightning by Vehumet.
 38463 | Swamp:2  | Got a bound golden ring
 38537 | Swamp:2  | Identified the ring of the Distant Future {MR+ Int+3 Dex+5}
                  | (You found it on level 2 of the Swamp)
 39395 | Swamp:3  | Reached skill level 5 in Fire Magic
 39942 | Swamp:4  | Entered Level 4 of the Swamp
 40306 | Swamp:4  | Noticed a thorn hunter
 40308 | Swamp:4  | Killed a thorn hunter
 40473 | Swamp:4  | Noticed a thorn hunter
 40475 | Swamp:4  | Killed a thorn hunter
 40475 | Swamp:4  | Reached XP level 17. HP: 107/107 MP: 23/41
 41461 | Swamp:4  | Noticed a bone dragon
 41478 | Swamp:4  | Killed a bone dragon
 42333 | Swamp:4  | Got a decaying rune of Zot
 42663 | Snake:1  | Entered Level 1 of the Snake Pit
 44919 | Snake:1  | Noticed Donald
 44931 | Snake:1  | Killed Donald
 45196 | Snake:1  | Reached skill level 19 in Spellcasting
 47039 | Snake:2  | Reached XP level 18. HP: 113/113 MP: 28/43
 47700 | Snake:2  | Reached skill level 10 in Fire Magic
 47953 | Snake:3  | Noticed Aizul
 47964 | Snake:3  | Killed Aizul
 48100 | Snake:3  | Found a runed translucent door.
 48102 | Snake:3  | Noticed Xitaol's ghost (adept SpEn)
 48374 | Snake:3  | Noticed Jorgrun
 48377 | Snake:3  | Killed Jorgrun
 48382 | Snake:3  | Noticed Agnes
 48407 | Snake:3  | Killed Agnes
 48907 | Snake:3  | Offered knowledge of Shatter by Vehumet.
 48907 | Snake:3  | Offered knowledge of Tornado by Vehumet.
 49479 | Snake:4  | Entered Level 4 of the Snake Pit
 50236 | Snake:4  | Found Wuzeb's Gadget Emporium.
 50238 | Snake:4  | Found Heditous's Jewellery Shop.
 50239 | Snake:4  | Found Xurho's Gadget Emporium.
 50251 | Snake:4  | Bought the ring "Uwesev" {rF++ rCorr MP+9} for 1077 gold
                  | pieces
 52146 | Snake:4  | Reached XP level 19. HP: 120/120 MP: 33/44
 52390 | Snake:4  | Reached skill level 20 in Spellcasting
 52608 | Snake:4  | Got a serpentine rune of Zot
 53060 | Vaults:1 | Entered Level 1 of the Vaults
 53235 | Vaults:1 | Got an ichor-stained leather armour
 53253 | Vaults:1 | Reached skill level 15 in Shields
 54962 | Vaults:1 | Got a jewelled tower shield
 55069 | Vaults:1 | Identified the +7 tower shield of Oily Awe {Str+2} (You
                  | found it on level 1 of the Vaults)
 55079 | Vaults:1 | Learned a level 8 spell: Ignition
 55091 | Vaults:1 | Identified the cursed +0 leather armour of Fedhas's Pride
                  | {Str+4} (You found it on level 1 of the Vaults)
 55468 | Vaults:2 | Got a distressingly furry helmet
 55488 | Vaults:2 | Identified the +1 helmet of the Storm King {rF+ MR- Str+6
                  | Int+4 Dex+4} (You found it on level 2 of the Vaults)
 55851 | Vaults:2 | Shot with a bolt by a yaktaur captain

Illustrated notes

Levels and vault maps discovered:
D:1:      erik_arrival_triangle_medium, layout_loops_cross, minmay_pentomino_t2
D:2:      layout_loops_ring, old_standard_altar, lemuel_crystal_altar,
          chequers_ecumenical_altar_twisty, uniq_natasha
D:3:      layout_rooms, lemuel_doored_altar, first_ration
D:4:      kennysheep_big_flooded_room, layout_loops_cross,
          overflow_temple_1_default, cheibrodos_sewer_entry_bend
D:5:      layout_rooms, marbit_many_paths, overflow_temple_1_default,
          serial_rivers, chequers_serial_rivers_small_3,
          chequers_serial_rivers_room_a, chequers_serial_rivers_micro_c,
          chequers_serial_rivers_large_a, chequers_serial_rivers_room_a,
          kennysheep_okawaru_gauntlet
D:6:      layout_rooms, elyvilon_altar_5, zin_treasury,
          nicolae_overflow_crystal_walls, minmay_misc_feat_diagonals,
          uniq_blork_the_orc
D:7:      lemuel_ice_statue, layout_cave_pools, yredelemnul_altar_generic,
          minmay_temple_entry_drinking_statues
D:8:      layout_loops_ring, nicolae_qazlal_style_of_elements, xom_redecorated,
          chequers_temple_overflow_statue_of_worship
D:9:      hangedman_cross_cluster, layout_layer_cave, overflow_temple_1_default,
          overflow_temple_1_default, lair_entry_dummy
D:10:     layout_long_grid, hangedman_ranch [blue_anna_fruit_fields]
D:11:     layout_rooms, special_room [special_room_orc], gauntlet_entry_generic,
          uniq_urug
D:12:     minmay_tri_stars, layout_basic, zombieorc2_lemuel, basic_altar,
          kennysheep_generic_room_3, uniq_kirke
D:13:     layout_small_grid, basic_altar, minmay_liquid_box, uniq_frances,
          uniq_snorg
D:14:     layout_rooms, erik_vaults_1, gammafunk_ghost_hydra_chop,
          serial_bayou_pond_a
D:15:     grunt_enter_depths_snipers, layout_basic, minmay_door_square,
          kennysheep_two_boxes
Lair:1:   layout_loops_ring, lemuel_fruit_fields
Lair:2:   dragon1_lemuel, layout_regular_city,
          nicolae_swamp_entry_splash_gauntlet, lemuel_fruit_fields
Lair:3:   layout_regular_city, gammafunk_lair_bear_cave
Lair:4:   layout_long_grid, minmay_snake_entry_guardpost_small,
          gammafunk_ghost_wrathful_warriors, lemuel_fruit_fields
Lair:5:   layout_small_grid, slime_altar_1, kennysheep_catoblepas_arena,
          grunt_megastairs_1, serial_bayou_shore_a
Lair:6:   minmay_lair_end_enchanted_forest, layout_regular_city,
          bobbens_ice_dragon_lair
Swamp:1:  layout_basic_swamp, nicolae_swamp_trees_clearing, uniq_josephine,
          uniq_nikola
Swamp:2:  cheibrodos_swamp_mausoleum, layout_basic_swamp,
          infiniplex_staircase_pool
Swamp:3:  layout_basic_swamp, evilmike_swamp_ruin_rubble_1, swamp_pool4
Swamp:4:  swamp_pestilence, layout_basic_swamp
Snake:1:  minmay_snake_river, layout_layer_cave, uniq_donald
Snake:2:  nicolae_cobra_stairs, layout_gridlike
Snake:3:  layout_grid_shapes, ebering_ghost_reflecting_pool,
          nicolae_snake_salamander_stairs, uniq_aizul, uniq_agnes, uniq_jorgrun
Snake:4:  snake_pit, layout_cave_town, minmay_shop_grove, uniq_saint_roka
Orc:1:    layout_diamond_mine
Orc:2:    st_orc_town, layout_caves, basic_altar, nicolae_orc_flooded_monolith
Vaults:1: ontoclasm_vaults_claustrophobia, vaults_room_hangedman_quadrants,
          ontoclasm_vaults_bender, nicolae_vaults_bisected_inception,
          vaults_room_corners, ontoclasm_vaults_loading_screen,
          ontoclasm_vaults_gateway, vaults_room_semicircle,
          layout_vaults_omnicross
Vaults:2: v_misc_3, nicolae_vaults_windows_and_doors_thing, vaults_room_pools,
          vaults_room_grunt_arrival_ludios, v_misc_2,
          nicolae_vaults_angled_halls, vaults_mumra_minichess_inversion,
          vaults_mumra_hexcomb, nicolae_vaults_shelves_hall,
          vaults_dpeg_encased_lava, vaults_room_fancy_cross,
          ontoclasm_vaults_loading_screen, vaults_room_octagon,
          ontoclasm_vaults_fault, vaults_room_octagon,
          nicolae_vaults_ring_of_whatevers, layout_vaults_omnibox, uniq_xtahua

Skill      XL: |  1  2  3  4  5  6  7  8  9 10 11 12 13 14 15 16 17 18 19 |
---------------+----------------------------------------------------------+-----
Spellcasting   | 4 5 6 8 9 10 12 13 14 16 17 18 19 20 | 20.5
Conjurations   | 5 6 7 8 9 11 12 13 14 15 16 17 18 | 18.0
Hexes          | 2 3 4 6 7 |  7.6
Shields        | 1 2 3 4 6 7 9 11 12 13 14 15 | 15.2
Fighting       | 1 2 3 4 5 7 8 9 10 11 12 13 | 13.9
Translocations | 2 4 5 |  5.8
Fire Magic     | 1 3 4 5 9 12 13 | 13.7
Air Magic      | 3 4 |  4.2
Dodging        | |  2.4
Stealth        | |  2.4

Action                   |  1- 3 |  4- 6 |  7- 9 | 10-12 | 13-15 | 16-18 | 19-21 || total
-------------------------+-------+-------+-------+-------+-------+-------+-------++-------
Melee: Dagger            |       |       |     5 |       |       |       |       ||     5
       Spear             |       |       |       |     3 |    13 |     3 |       ||    19
Throw: Dart              |       |       |       |     8 |       |       |       ||     8
 Cast: Magic Dart        |    54 |    86 |   136 |   194 |    60 |       |       ||   530
       Searing Ray       |     6 |    15 |    40 |    47 |    19 |       |       ||   127
       Dazzling Flash    |       |     1 |       |       |       |       |       ||     1
       Fulminant Prism   |       |       |    13 |    45 |       |       |       ||    58
       Iskenderun's Myst |       |       |     2 |    57 |   131 |   111 |    17 ||   318
       Fireball          |       |       |       |    40 |   418 |   635 |   156 ||  1249
       Inner Flame       |       |       |       |     2 |       |       |       ||     2
       Lightning Bolt    |       |       |       |       |   134 |     1 |       ||   135
       Shock             |       |       |       |       |    63 |    63 |     2 ||   128
       Orb of Destructio |       |       |       |       |       |    53 |     5 ||    58
       Blink             |       |       |       |       |       |     3 |       ||     3
Evoke: Wand              |       |       |     2 |       |       |       |       ||     2
       Tin of tremorston |       |       |       |       |       |     1 |       ||     1
  Use: Scroll            |     4 |     7 |     3 |    12 |    12 |    16 |     4 ||    58
       Potion            |       |     1 |     1 |     2 |     1 |     3 |       ||     8
  Eat: Ration            |     1 |       |     3 |     3 |     7 |    13 |     1 ||    28
       Chunk             |       |     5 |     3 |    15 |    31 |    12 |     7 ||    73
Armor: Robe              |       |     6 |    10 |    19 |    17 |    18 |     1 ||    71
Dodge: Dodged            |     4 |     5 |    41 |    58 |    52 |    39 |     2 ||   201
Block: Buckler           |       |       |     9 |    21 |    12 |       |       ||    42
       Tower shield      |       |       |       |       |    33 |    97 |    10 ||   140
